 Dungeon Crawl Stone Soup version 0.29-a0-284-gf9362112df (webtiles) character file.

Game seed: 3023815653410295403

15514 Dabor the Fighter (level 12, -6/79 HPs)
             Began as a Gargoyle Gladiator on Mar 14, 2022.
             Was an Initiate of Gozag.
             Mangled by Snorg (10 damage)
             ... on level 9 of the Dungeon.
             The game lasted 00:27:45 (16045 turns).

Dabor the Fighter (Gargoyle Gladiator)             Turns: 16045, Time: 00:27:46

Health: -6/79      AC: 27    Str: 22    XL:     12   Next: 27%
Magic:  12/12      EV: 14    Int: 10    God:    Gozag
Gold:   1796       SH:  5    Dex: 11    Spells: 11/11 levels left

rFire   . . .      SeeInvis +   O - +3 flail (flame)
rCold   . . .      Faith    .   g - +2 buckler
rNeg    + . .      Spirit   .   h - +4 chain mail
rPois   ∞          Reflect  .   c - +0 helmet
rElec   +          Harm     .   u - +0 cloak
rCorr   .          Rampage  .   l - +0 pair of gloves
Will    .....                   (no boots)
Stlth   ..........              p - amulet of the acrobat
HPRegen 0.23/turn               M - +4 ring of evasion
MPRegen 0.13/turn               F - ring of see invisible

@: flying
A: sickness immunity, AC +8, negative energy resistance 1, electricity
resistance, torment resistance 1, petrification resistance
a: Renounce Religion, Potion Petition, Call Merchant, Bribe Branch


You were on level 9 of the Dungeon.
You worshipped Gozag.
Gozag was most pleased with you.
You visited 3 branches of the dungeon, and saw 13 of its levels.

You collected 2209 gold pieces.
You spent 368 gold pieces at shops.
You paid 45 gold pieces to Gozag.

Inventory:

Hand Weapons
 a - a +0 flail
 J - a +1 flail of venom
 O - a +3 flail of flaming (weapon)
 T - a +2 vorpal mace
Missiles
 e - a javelin (quivered)
 C - 4 silver javelins
 K - 6 curare-tipped darts
 R - 3 boomerangs
 U - a throwing net
Armour
 c - a +0 helmet (worn)
 g - a +2 buckler (worn)
 h - a +4 chain mail (worn)
 l - a +0 pair of gloves (worn)
 u - a +0 cloak (worn)
 I - the +2 leather armour of the Shining Light {Slay+2}
   (You took it off an orc on level 6 of the Dungeon)

   Slay:      It affects your accuracy & damage with ranged weapons and melee
   (+2).
 S - a +3 chain mail
Jewellery
 p - an amulet of the acrobat (around neck)
 E - a ring of positive energy
 F - a ring of see invisible (right hand)
 M - a +4 ring of evasion (left hand)
 P - a ring of magical power
 X - an amulet of reflection
Wands
 d - a wand of flame (37)
 m - a wand of paralysis (9)
 o - a wand of mindburst (2)
 x - a wand of acid (1)
 B - a wand of charming (10)
 Y - a wand of polymorph (2)
Scrolls
 b - 2 scrolls of identify
 i - 2 scrolls of brand weapon
 j - 3 scrolls of enchant weapon
 k - 3 scrolls of magic mapping
 n - 2 scrolls of fear
 q - 7 scrolls of teleportation
 t - a scroll of silence
 y - 2 scrolls of fog
 L - a scroll of torment
 W - a scroll of enchant armour
 Z - a scroll of holy word
Potions
 s - a potion of cancellation
 w - a potion of lignification {unknown}
 A - a potion of flight
 H - a potion of resistance {unknown}
 N - a potion of mutation {unknown}
 Q - 2 potions of magic {unknown}
 V - a potion of invisibility {unknown}


   Skills:
 + Level 10.7 Fighting
 + Level 10.1 Maces & Flails
 - Level 7.3 Throwing
 * Level 8.3 Armour
 + Level 8.4 Dodging


You had 11 spell levels left.
You didn't know any spells.
Your spell library contained the following spells:

 Spells                   Type           Power      Damage    Failure   Level
 Beastly Appendage        Tmut           0%         N/A       98%         1
 Magic Dart               Conj           0%         1d3       98%         1
 Corpse Rot               Necr/Air       0%         N/A       99%         2
 Searing Ray              Conj           0%         2d4       99%         2
 Wereblood                Tmut           0%         N/A       99%         2
 Spider Form              Tmut/Pois      0%         N/A       100%        3
 Tukima's Dance           Hex            0%         N/A       100%        3
 Anguish                  Hex/Necr       0%         N/A       100%        4
 Dispel Undead            Necr           0%         3d6       100%        4
 Fulminant Prism          Conj/Hex       0%         3d6       100%        4
 Death Channel            Necr           0%         N/A       100%        6
 Dispersal                Tloc           0%         N/A       100%        6
 Enfeeble                 Hex            0%         N/A       100%        7
 Disjunction              Tloc           0%         N/A       100%        8


Dungeon Overview and Level Annotations

Branches:
Dungeon (11/15)            Temple (1/1) D:4            Lair (0/6) D:8
    Orc (1/2) D:9

Altars:
Ashenzari
Cheibriados
Dithmenos
Elyvilon
Fedhas
Gozag
Hepliaklqana
Kikubaaqudgha
Makhleb
Nemelex Xobeh
Okawaru
Qazlal
Ru
Sif Muna
Trog
Uskayaw
Vehumet
Wu Jian
Xom
Yredelemnul
Zin
The Shining One

Shops:
D:7 =   D:10 ?

Portals:
Trove: D:10 (give +5 fire dragon scales)

Annotations:
D:9 Snorg
Orc:1 Fannar, Urug


Innate Abilities, Weirdness & Mutations

You are immune to sickness and miasma.
Your stone body is resilient. (AC +8)
You are immune to poison.
You resist negative energy. (rN+)
You are resistant to electric shocks. (rElec)
You are resistant to unholy torment.
You are immune to petrification.


Message History

You barely miss Snorg.
Snorg is heavily wounded.
Snorg barely misses you. x2; Snorg claws you but does no damage.
You bludgeon Snorg!! You burn Snorg!
Snorg is heavily wounded.
Snorg bites you but does no damage. You block Snorg's attack. x2
Snorg bites you! Snorg barely misses you. Snorg claws you!
* * * LOW HITPOINT WARNING * * *
You are too injured to fight recklessly!
You are too injured to fight recklessly!
You feel much better. Snorg bites you! Snorg claws you but does no damage.
Snorg completely misses you.
You sock Snorg! You burn Snorg.
Snorg is severely wounded.
You block Snorg's attack. Snorg barely misses you.
Snorg claws you but does no damage. Snorg bites you!!
* * * LOW HITPOINT WARNING * * *
Snorg completely misses you. Snorg claws you.
* * * LOW HITPOINT WARNING * * *
You thump Snorg! You burn Snorg!
Snorg is severely wounded.
You block Snorg's attack. Snorg claws you.
* * * LOW HITPOINT WARNING * * *
Snorg claws you.
* * * LOW HITPOINT WARNING * * *
You hit Snorg. You burn Snorg.
Snorg is almost dead.
Snorg bites you but does no damage. Snorg claws you.
* * * LOW HITPOINT WARNING * * *
Snorg misses you. Snorg closely misses you. Snorg claws you.
* * * LOW HITPOINT WARNING * * *
Snorg closely misses you.
You can't see any enemies this would affect, really read the scroll of fear?
Okay, then.
Okay, then.
It was a potion of flight.
You feel very buoyant.
You fly up into the air.
Snorg bites you!
You die...
Your body crumbles into a pile of gold.

..........................#
..####'##########+###.....#
..#.....# #......#.###.#
..#.....# #......+.###.#
..#..##+######'######.....#
.##..#....................#
.#...#...##....##########.#
.'...'...........<........#
.#...#.........T@.........#
##...###############......#
.....##............#.#....#
.....##............#.#....#
.....##............#.#....#
#########..#########......#
........#..#.....# ##.....#
#.......#..#.....# #.###.#
#.......#..'.....# #.# #.#


You could see Snorg (berserk).

Vanquished Creatures
  Josephine (D:10)
  The ghost of Murumi the Blocker, a journeyman FoFi of Okawaru (D:10)
  Harold (D:10)
  A two-headed ogre (D:8)
  A tengu warrior (D:10)
  A necromancer (D:9)
  A moth of wrath (D:10)
  An unseen horror (D:10)
  4 trolls
  Sigmund (D:6)
  A shadow (D:6)
  3 wraiths (D:10)
  30 yaks
  3 hogs (D:9)
  A human (D:9)
  Eustachio (D:6)
  A steam dragon (D:7)
  A warg (Orc:1)
  3 water moccasins
  7 orc warriors
  An ice beast (D:6)
  2 black bears
  5 centaurs
  2 ogres
  A phantom (D:4)
  Blork the orc (D:5)
  7 bullfrogs
  2 kobold brigands
  5 scorpions
  5 wights (D:8)
  4 killer bees (D:8)
  2 howler monkeys
  3 hounds
  A jelly (D:8)
  6 orc priests
  19 orc wizards
  4 iguanas
  3 polar bear simulacra (D:9)
  A yak simulacrum (D:9)
  5 wolf simulacra (D:9)
  11 adders
  A white imp (D:5)
  An ufetubus (D:7)
  2 worms
  5 dart slugs
  33 orcs
  6 bats
  10 endoplasms
  4 giant cockroaches
  6 goblins
  4 hobgoblins
  2 jackals (D:4)
  4 quokkas
  9 ball pythons
  4 frilled lizards
  17 kobolds
  10 rats
  2 river rat simulacra (D:9)
274 creatures vanquished.

Vanquished Creatures (others)
  2 plants (D:9)
2 creatures vanquished.

Grand Total: 276 creatures vanquished

Notes
Turn   | Place    | Note
-------+----------+-------------------------------------------
     0 | D:1      | Dabor the Gargoyle Gladiator began the quest for the Orb.
     0 | D:1      | Reached XP level 1. HP: 12/12 MP: 1/1
   238 | D:1      | Reached XP level 2. HP: 10/18 MP: 2/2
   711 | D:1      | Found a faded altar of an unknown god.
   793 | D:1      | Reached XP level 3. HP: 22/22 MP: 3/3
  1575 | D:2      | Reached XP level 4. HP: 21/28 MP: 4/4
  2585 | D:3      | Noticed a scorpion
  2598 | D:3      | Killed a scorpion
  2599 | D:3      | Reached XP level 5. HP: 32/32 MP: 5/5
  3040 | D:4      | Noticed a water moccasin
  3058 | D:4      | Killed a water moccasin
  3059 | D:4      | Reached XP level 6. HP: 27/38 MP: 6/6
  3185 | D:4      | Found a staircase to the Ecumenical Temple.
  3194 | Temple   | Entered the Ecumenical Temple
  3539 | Temple   | Became a worshipper of Gozag Ym Sagoz the Greedy
  3685 | D:4      | Reached XP level 7. HP: 44/44 MP: 7/7
  4036 | D:4      | Reached skill level 5 in Maces & Flails
  4398 | D:4      | Reached skill level 5 in Fighting
  4797 | D:5      | Entered Level 5 of the Dungeon
  4894 | D:5      | Noticed Blork the orc
  4907 | D:5      | Killed Blork the orc
  4908 | D:5      | Reached XP level 8. HP: 35/49 MP: 8/8
  5786 | D:5      | Found an iron altar of Okawaru.
  5897 | D:6      | Noticed Eustachio
  5936 | D:6      | Killed Eustachio
  6332 | D:6      | Reached skill level 5 in Throwing
  6332 | D:6      | Reached skill level 5 in Dodging
  6517 | D:6      | Reached XP level 9. HP: 42/56 MP: 9/9
  6753 | D:6      | Identified the +2 leather armour of the Shining Light
                  | {Slay+2}
  7110 | D:6      | Noticed Sigmund
  7123 | D:6      | Killed Sigmund
  7910 | D:7      | Reached XP level 10. HP: 64/64 MP: 10/10
  8065 | D:7      | Found Qebryheb's Jewellery Boutique.
  8815 | D:8      | Found a staircase to the Lair.
  8833 | D:8      | Found a basalt altar of Yredelemnul.
  8856 | D:8      | Found an ornate altar of the Wu Jian Council.
  8866 | D:8      | Found a glowing golden altar of the Shining One.
  9149 | D:8      | Found a snail-covered altar of Cheibriados.
  9162 | D:8      | Found an ancient bone altar of Kikubaaqudgha.
  9486 | D:8      | Found a broken altar of Ashenzari.
  9588 | D:8      | Noticed a two-headed ogre
  9598 | D:8      | Killed a two-headed ogre
 10422 | D:9      | Reached skill level 1 in Armour
 10675 | D:9      | Reached XP level 11. HP: 71/71 MP: 11/11
 12053 | D:9      | Noticed a necromancer
 12073 | D:9      | Killed a necromancer
 12074 | D:9      | Reached skill level 5 in Armour
 12455 | D:9      | Found a staircase to the Orcish Mines.
 12556 | D:10     | Entered Level 10 of the Dungeon
 12668 | D:10     | Found a transporter.
 12686 | D:10     | Noticed Harold
 12701 | D:10     | Killed Harold
 12944 | D:10     | Found a bloodstained altar of Trog.
 12945 | D:10     | Noticed a moth of wrath
 13061 | D:10     | Reached skill level 10 in Fighting
 13161 | D:10     | Noticed Murumi's ghost (journeyman FoFi)
 13162 | D:10     | Found a transporter.
 13162 | D:10     | Noticed a tengu warrior
 13162 | D:10     | Noticed Josephine
 13197 | D:10     | Killed Josephine
 13246 | D:10     | Reached XP level 12. HP: 19/78 MP: 12/12
 13509 | D:10     | Found Qopoemir's Magic Scroll Shoppe.
 13517 | D:10     | Bought a scroll of holy word for 120 gold pieces
 13517 | D:10     | Bought a scroll of identify for 32 gold pieces
 13517 | D:10     | Bought a scroll of enchant weapon for 120 gold pieces
 13517 | D:10     | Bought a scroll of identify for 32 gold pieces
 13517 | D:10     | Bought a scroll of identify for 32 gold pieces
 13517 | D:10     | Bought a scroll of identify for 32 gold pieces
 13818 | D:10     | Found a portal to a secret trove of treasure.
 13977 | D:10     | HP: 3/78 [tengu warrior/+0 antimagic flail (3)]
 13987 | D:10     | Killed a tengu warrior
 13988 | D:10     | Reached skill level 10 in Maces & Flails
 14358 | D:10     | Killed Murumi's ghost
 14453 | D:11     | Noticed a death knight
 14539 | Orc:1    | Entered Level 1 of the Orcish Mines
 14543 | Orc:1    | Noticed Urug
 14554 | Orc:1    | Noticed Snorg
 15408 | Orc:1    | Noticed Fannar
 15414 | Orc:1    | Noticed an ettin
 15432 | Orc:1    | HP: 3/79 [ettin/+0 dire flail (17)]
 16045 | D:9      | Mangled by Snorg

Illustrated notes

Levels and vault maps discovered:
D:1:      beargit_arrival_greenhouse, layout_basic,
          hellmonk_ecumenical_altar_inner_sanctum, st_stairs_6,
          minmay_pentomino_s2
D:2:      layout_basic
D:3:      layout_rooms, minmay_misc_feat_chi
D:4:      layout_basic, minmay_temple_entry_mist
D:5:      layout_cave_pools, okawaru_trees_2, hex_medium, uniq_blork_the_orc
D:6:      layout_loops_ring, minmay_crystal_room, uniq_sigmund, uniq_eustachio
D:7:      layout_loops_cross, serial_shops, nicolae_shop_crystal
D:8:      layout_basic, cheibrodos_ashenzari_chains, grunt_temple_overflow_open,
          mainiacjoe_overflow_catwalk_spiral, lair_entry_dummy
D:9:      layout_stronghold, david_orc_4, grunt_livestock,
          eino_house_with_fridge
D:10:     layout_irregular_city, gammafunk_ghost_wrathful_warriors,
          enter_trove_3, serial_shops, nicolae_diamond_shop, uniq_harold,
          uniq_josephine
D:11:     dragon1_lemuel, layout_rooms, serial_shops, shop,
          nemelex_diamond_rough_becter, uniq_nergalle
Temple:   regret_index_temple_waves
Orc:1:    hellmonk_paralyzer, layout_caves, uniq_fannar, uniq_urug, uniq_snorg

Skill      XL: |  1  2  3  4  5  6  7  8  9 10 11 12 |
---------------+-------------------------------------+-----
Throwing       | 2 3 4 5 6 7 |  7.3
Fighting       | 3 4 5 6 7 9 10 | 10.7
Dodging        | 3 4 5 6 7 8 |  8.4
Maces & Flails | 4 5 6 7 8 9 10 | 10.1
Armour         | 3 7 8 |  8.3

Action                   |  1- 3 |  4- 6 |  7- 9 | 10-12 || total
-------------------------+-------+-------+-------+-------++-------
Melee: Flail             |    89 |   167 |   362 |   572 ||  1190
       Punch             |       |     4 |     4 |    14 ||    22
       Mace              |       |       |       |   160 ||   160
Throw: Throwing net      |     3 |     2 |     1 |       ||     6
       Javelin           |     1 |       |     1 |       ||     2
       Dart              |       |       |     8 |    20 ||    28
Evoke: Wand              |       |       |       |     4 ||     4
  Use: Potion            |       |       |       |    11 ||    11
       Scroll            |       |       |       |    16 ||    16
 Stab: Held in net/web   |       |     2 |       |       ||     2
       Distracted        |       |       |     1 |     3 ||     4
Armor: Leather armour    |    12 |       |    25 |   152 ||   189
       Ring mail         |    33 |   102 |   197 |       ||   332
       Chain mail        |       |       |       |   171 ||   171
Dodge: Dodged            |    56 |   127 |   263 |   701 ||  1147
Block: Buckler           |       |       |       |    23 ||    23

Table legend: (Time is in decaauts)
 A = Elapsed time spent in this place.
 B = Non-inter-level travel time spent in this place.
 C = Inter-level travel time spent in this place.
 D = Time resting spent in this place.
 E = Time spent auto-exploring this place.
 F = Levels seen in this place.
 G = Mean time per level.
                   A        B        C        D        E       F      G
               +--------+--------+--------+--------+--------+-----+--------+
         Total |  16079 |  15115 |    964 |   2942 |   9153 |  13 | 1236.8 |
       Dungeon |  15629 |  14722 |    907 |   2890 |   9036 |  11 | 1420.8 |
        Temple |    364 |    308 |     56 |     52 |    117 |   1 |  364.0 |
  Orcish Mines |     85 |     85 |      0 |      0 |      0 |   1 |   85.0 |
               +--------+--------+--------+--------+--------+-----+--------+

Top non-repeatable levels by time:
     D:9: 3638 daAuts
    D:10: 1888 daAuts
     D:8: 1883 daAuts
     D:6: 1582 daAuts
     D:4: 1438 daAuts
     D:1: 1163 daAuts
     D:5: 1072 daAuts
     D:7: 1058 daAuts
     D:2: 960 daAuts
     D:3: 940 daAuts
  Temple: 364 daAuts
   Orc:1: 85 daAuts
    D:11: 1 daAuts
